 Dungeon Crawl Stone Soup version 0.30-a0-883-g5ad918d77d (webtiles) character file.

Game seed: 18265798089543174773

242378 Maxmaps the Warrior (level 19, -14/169 HPs)
             Began as a Demonspawn Gladiator on Mar 15, 2023.
             Was a High Priest of Cheibriados.
             Demolished by a spark wasp (17 damage)
             ... on level 2 of the Depths.
             The game lasted 01:15:50 (33794 turns).

Maxmaps the Warrior (Demonspawn Gladiator)         Turns: 33794, Time: 01:15:50

Health: -14/169    AC: 17    Str: 35    XL:     19   Next: 9%
Magic:  0/25       EV: 25    Int: 26    God:    Cheibriados [*****.]
Gold:   2662       SH: 16    Dex: 31    Spells: 18/26 levels left

rFire   + . .      SeeInvis .      - Unarmed
rCold   + + +      Faith    .    T - +0 kite shield
rNeg    . . .      Spirit   +    s - +1 ring mail of the Gloaming {rPois rC+ Str+3 Int+2}
rPois   +          Reflect  .    R - +2 helmet
rElec   +          Rampage  .    v - +0 cloak {rCorr}
rCorr   +                        D - +2 pair of gloves {Str+3}
Will    +++..                    J - +3 pair of boots of Misanthropy {Str+3}
Stlth   +++++                    x - amulet of regeneration
HPRegen 1.28/turn                q - ring "Ryzam" {rElec rC+++ Will+ Int-3 Stlth+}
MPRegen 0.38/turn                p - ring of protection from fire

@: mighty, very slow
A: thin skeletal structure 2, powered by pain 2, torment resistance 1, magic
shield, magic regeneration, magic link, demonic willpower, demonic touch 2
}: 1/15 runes: serpentine
a: Renounce Religion, Bend Time, Temporal Distortion, Slouch, Step From Time


You were on level 2 of the Depths.
You worshipped Cheibriados.
Cheibriados was extremely pleased with you.
You visited 6 branches of the dungeon, and saw 31 of its levels.
You visited the Abyss 1 time.
You also visited: Sewer, Ice Cave and Volcano.

You collected 3978 gold pieces.
You spent 1316 gold pieces at shops.

Inventory:

Missiles
 d - 12 throwing nets (quivered)
 e - 17 javelins
Armour
 b - the +1 pair of boots "Nuregyga" {rPois}
   (You acquired it on level 1 of the Shoals)

   rPois:     It protects you from poison.
 s - the +1 ring mail of the Gloaming (worn) {rPois rC+ Str+3 Int+2}
   (You found it on level 2 of the Dungeon)

   Str:       It affects your strength (+3).
   Int:       It affects your intelligence (+2).
   rC:        It protects you from cold.
   rPois:     It protects you from poison.
 v - a +0 cloak of preservation (worn)
 D - a +2 pair of gloves of strength (worn)
 J - the +3 pair of boots of Misanthropy (worn) {Str+3}
   (You found it in an ice cave)

   Str:       It affects your strength (+3).
 R - a +2 helmet (worn)
 T - a +0 kite shield (worn)
Jewellery
 p - a ring of protection from fire (right hand)
 q - the ring "Ryzam" (left hand) {rElec rC+++ Will+ Int-3 Stlth+}
   (You acquired it on level 1 of the Snake Pit)

   [ring of willpower]

   Int:       It affects your intelligence (-3).
   rC:        It renders you almost immune to cold.
   rElec:     It insulates you from electricity.
   Will:      It increases your willpower.
   Stlth:     It makes you more stealthy.
 t - a ring of see invisible
 x - an amulet of regeneration (around neck)
 E - a ring of positive energy
 P - a ring of protection from cold
 V - a ring of protection from cold
Wands
 i - a wand of flame (70)
 j - a wand of digging (23)
 y - a wand of roots (26)
 A - a wand of light (17)
 H - a wand of mindburst (20)
 K - a wand of paralysis (7)
 S - a wand of polymorph (12)
Scrolls
 a - 12 scrolls of enchant weapon
 c - 2 scrolls of torment
 h - 4 scrolls of magic mapping
 l - 2 scrolls of fear
 m - a scroll of brand weapon
 n - 2 scrolls of amnesia
 B - a scroll of noise
 G - 4 scrolls of teleportation
 I - 3 scrolls of poison
 M - 6 scrolls of enchant armour
 N - 5 scrolls of identify
 O - 6 scrolls of fog
 Q - 2 scrolls of summoning
 W - 2 scrolls of silence
Potions
 f - 6 potions of curing
 g - 5 potions of mutation
 k - 7 potions of resistance
 o - 4 potions of might
 r - 2 potions of cancellation
 u - 3 potions of attraction
 z - 7 potions of flight
 F - 7 potions of brilliance
 L - 2 potions of invisibility
 X - 3 potions of ambrosia
 Y - 3 potions of berserk rage
Miscellaneous
 C - a box of beasts
 U - a phial of floods
 Z - a lightning rod (4/4)


   Skills:
 - Level 20.0 Fighting
 - Level 3.3 Staves
 - Level 1.7 Throwing
 - Level 13.1 Dodging
 - Level 14.2 Shields
 - Level 13.2 Unarmed Combat
 - Level 4.4 Spellcasting
 - Level 8.0 Invocations
 + Level 14.1 Evocations


You had 18 spell levels left.
You knew the following spells:

 Your Spells              Type           Power      Damage    Failure   Level
a - Stone Arrow           Conj/Erth      10%        3d7       52%         3
b - Blade Hands           Tmut           2%         N/A       99%         5

Your spell library contained the following spells:

 Spells                   Type           Power      Damage    Failure   Level
 Apportation              Tloc           10%        N/A       21%         1
 Beastly Appendage        Tmut           10%        N/A       21%         1
 Kiss of Death            Conj/Necr      20%        2d7       21%         1
 Sandblast                Erth           10%        2d5       21%         1
 Blink                    Tloc           10%        N/A       30%         2
 Cigotuvi's Dreadful Rot  Necr/Pois/Air  10%        N/A       30%         2
 Lesser Beckoning         Tloc           10%        N/A       30%         2
 Passwall                 Tmut/Erth      4%         N/A       30%         2
 Scorch                   Fire           10%        2d6       30%         2
 Static Discharge         Conj/Air       10%        2-3/arc   30%         2
 Wereblood                Tmut           5%         N/A       30%         2
 Confusing Touch          Hex            5%         N/A       52%         3
 Gell's Gravitas          Tloc           5%         N/A       52%         3
 Ignite Poison            Fire/Tmut/Pois 5%         N/A       52%         3
 Inner Flame              Hex/Fire       5%         N/A       52%         3
 Kindle Blastsparks       Fire/Tloc/Air  10%        2d10      52%         3
 Ozocubu's Armour         Ice            5%         N/A       52%         3
 Spider Form              Tmut/Pois      5%         N/A       52%         3
 Teleport Other           Tloc           5%         N/A       52%         3
 Vhi's Electric Charge    Tloc/Air       10%        N/A       52%         3
 Cause Fear               Hex            2%         N/A       90%         4
 Dispel Undead            Necr           5%         3d7       90%         4
 Flame Wave               Conj/Fire      5%         2d5       90%         4
 Fulminant Prism          Conj/Hex       2%         3d5       90%         4
 Iskenderun's Mystic Bla  Conj/Tloc      5%         2d3       90%         4
 Manifold Assault         Tloc           5%         N/A       90%         4
 Passage of Golubria      Tloc           5%         N/A       90%         4
 Sticky Flame             Conj/Fire      5%         2d3       90%         4
 Alistair's Intoxication  Tmut/Pois      3%         N/A       99%         5
 Arcjolt                  Conj/Air       2%         1d12      99%         5
 Freezing Cloud           Conj/Ice/Air   2%         6-21      99%         5
 Irradiate                Conj/Tmut      2%         3d12      99%         5
 Lee's Rapid Deconstruct  Erth           2%         3d5*      99%         5
 Lightning Bolt           Conj/Air       2%         1d14      99%         5
 Metabolic Englaciation   Hex/Ice        2%         N/A       99%         5
 Silence                  Hex/Air        2%         N/A       99%         5
 Death Channel            Necr           2%         N/A       100%        6
 Dispersal                Tloc           2%         N/A       100%        6
 Simulacrum               Ice/Necr       2%         N/A       100%        6
 Summon Cactus Giant      Summ           2%         N/A       100%        6
 Dragon Form              Tmut           2%         N/A       100%        7
 Storm Form               Tmut/Air       2%         N/A       100%        7
 Discord                  Hex            2%         N/A       100%        8
 Ignition                 Fire           2%         3d3       100%        8
 Lehudib's Crystal Spear  Conj/Erth      2%         10d2      100%        8


Dungeon Overview and Level Annotations

Branches:
Dungeon (15/15)            Temple (0/1) D:6            Lair (5/5) D:11
 Shoals (3/4) Lair:3        Snake (4/4) Lair:3        Slime (0/5) Lair:5
    Orc (2/2) D:10            Elf (0/3) Orc:2        Vaults (0/5) D:13
 Depths (2/4) D:15          Sewer (visited)           IceCv (visited)
Volcano (visited)

Altars:
Ashenzari
Cheibriados
Gozag
Hepliaklqana
Okawaru
Qazlal
Trog
Vehumet
Wu Jian
Xom
Yredelemnul
Jiyva

Shops:
D:3 *   D:9 *   D:14 (*   Orc:2 :(=!*:   Shoals:1 ?   Snake:2 ?   Snake:3 (:
Snake:4 (

Portals:
Hell: Depths:1
Trove: Depths:2 (give +4 shadow dragon scales)

Annotations:
D:9 2 transporters
Snake:3 Mara
Depths:2 the Enchantress


Innate Abilities, Weirdness & Mutations

You have a moderately thin skeletal structure. (Dex +4, Stealth++)
You sometimes gain power by taking damage.
You are resistant to unholy torment.
When hurt, damage is shared between your health and your magic reserves.
You regenerate magic rapidly.
When low on magic, you restore magic in place of health.
You punish those that try to bend your will. (Will+)
Your touch may inflict irresistible damage on your foes.


Message History

The spriggan air mage shouts!
You pummel the spark wasp!!
The spark wasp is almost dead.
A spriggan defender comes into view.
It is wielding a +1 demon whip of electrocution.
The spark wasp barely misses you.
Really read the scroll of torment?
As you read the scroll of torment, it crumbles to dust.
Your body is wracked with pain!
* * * LOW HITPOINT WARNING * * *
The spark wasp convulses!
The tengu warrior convulses!
The spriggan convulses!
The spriggan defender convulses!
The spriggan air mage convulses!
The Enchantress convulses!
The spriggan defender convulses!
The spark wasp completely misses you. You block the spark wasp's attack.
Really read the scroll of torment?
As you read the scroll of torment, it crumbles to dust.
Your body is wracked with pain!
* * * LOW HITPOINT WARNING * * *
The spark wasp convulses!
The tengu warrior convulses!
The spriggan air mage convulses!
The spriggan convulses!
The spriggan defender convulses!
The spriggan berserker convulses!
The spriggan rider convulses!
The spark wasp barely misses you.
Really read the scroll of torment?
As you read the scroll of torment, it crumbles to dust.
Your body is wracked with pain!
* * * LOW HITPOINT WARNING * * *
The spark wasp convulses!
The tengu warrior convulses!
The spriggan air mage convulses!
The spriggan convulses!
The spriggan defender convulses!
The spriggan berserker convulses!
The spriggan defender convulses!
The spriggan rider convulses!
The spark wasp stings you!
* * * LOW HITPOINT WARNING * * *
You focus on the pain.
You feel your power returning. The spark wasp shocks you. You resist.
* * * LOW HITPOINT WARNING * * *
The spriggan air mage waves its arms in wide circles.
The air twists around and strikes you!!
* * * LOW HITPOINT WARNING * * *
The spriggan berserker utters an invocation to Trog.
The spriggan berserker goes berserk!
The spark wasp stings you!!
You die...

.##...##.######.#
.#.....#.# #.# .......
....>..#.# #.##....i..#
.#.....#.######.##.......#
.##...##........##.......#
..#####..######.##.iii...#
#......(.######.##.i.....#
.............#.##ii.....#
#.###+######..†@yQi.....#
. #.....##i......#
+...####.......# #.###
#.......# #+ #.......#
.y.............
.y.............
...y...).......
..............~


You could see 2 spriggan defenders, a spark wasp, a spriggan rider, a tengu
warrior, a spriggan berserker (berserk, regenerating, strong-willed), 2 spriggan
air magi and a spriggan.

Vanquished Creatures
  Vashnia (Snake:4)
  A bone dragon (Abyss:2)
  Nikola (Shoals:1)
  2 hellephants (Depths:1)
  Jorgrun (Orc:1)
  A tentacled monstrosity (Abyss:2)
  The ghost of Hoelubiu the Severer, an adept AtFi of Gozag (Shoals:2)
  The ghost of Qobluxtent the Unseen, an adept GnDe of Gozag (Shoals:3)
  A kraken (Shoals:1)
  2 tentacled starspawn (Abyss:2)
  Gastronok (Lair:2)
  Frances (D:13)
  Donald (Snake:1)
  7 nagarajas
  Ilsuiw (Shoals:1)
  The ghost of Tagont the Spry, an adept DsGl of Wu Jian (Shoals:2)
  The ghost of Etwihode the Blocker, a journeyman MiFi of Qazlal (Shoals:2)
  Aizul (Snake:1)
  7 very ugly things
  2 stone giants
  2 reapers (IceCv)
  12 spark wasps
  A dire elephant (Lair:5)
  Snorg (Lair:5)
  Josephine (D:15)
  3 merfolk impalers
  A merfolk javelineer (Shoals:1)
  A fire dragon (Depths:1)
  2 hydras
  3 vault guards
  An ice dragon (Shoals:3)
  A rakshasa (D:15)
  Harold (D:11)
  A salamander tyrant (Snake:3)
  A spriggan air mage (Depths:1)
  3 merfolk avatars
  An alligator snapping turtle (Shoals:1)
  20 anacondas
  An ogre mage (D:13)
  5 boulder beetles
  4 centaur warriors
  7 two-headed ogres
  A merfolk aquamancer (Shoals:1)
  A death knight (D:14)
  A tengu warrior (D:14)
  12 death yaks
  A vampire mage (Depths:1)
  14 naga warriors
  15 naga sharpshooters
  6 hell hogs (Depths:1)
  An orc high priest (Orc:2)
  7 shock serpents
  Sonja (D:13)
  A spriggan berserker (Depths:1)
  2 deep elf knights
  9 skysharks
  A flayed ghost (Depths:1)
  7 skeletal warriors
  A wretched star (Abyss:3)
  9 sea snakes
  4 salamander mystics
  Lodul (D:13)
  A glowing orange brain (D:15)
  An obsidian statue (IceCv)
  13 harpies
  7 orc knights
  7 naga ritualists
  3 starcursed masses (Abyss:2)
  2 wizards
  A spriggan simulacrum (IceCv)
  A wolf spider (D:14)
  A deep elf pyromancer (D:14)
  10 mana vipers
  16 salamanders
  11 fauns
  An orc sorcerer (D:12)
  15 ugly things
  Maurice (Orc:1)
  5 elephants (Lair:4)
  11 cyclopes
  11 manticores
  37 black mambas
  4 water nymphs
  5 merfolk sirens
  9 naga magi
  9 guardian serpents
  2 molten gargoyles (Volcano)
  2 torpor snails
  3 unseen horrors
  5 gargoyles
  A kobold demonologist (D:12)
  A rime drake (Lair:5)
  3 efreet
  16 cane toads
  2 tengu conjurers
  3 ice devils (IceCv)
  12 komodo dragons
  9 freezing wraiths
  A queen bee (shapeshifter) (D:13)
  5 trolls
  3 ancient zymes
  2 polar bears (Lair:5)
  2 wind drakes
  2 hornets
  3 meliai (D:15)
  15 merfolk
  A wolf spider simulacrum (D:15)
  Prince Ribbit (D:8)
  16 blink frogs
  9 dream sheep
  9 snapping turtles
  10 slime creatures
  A slime creature (shapeshifter) (D:15)
  Sigmund (D:3)
  A ynoxinul (Abyss:2)
  10 wraiths
  5 water elementals
  87 yaks
  2 dire elephant simulacra (IceCv)
  5 wyverns
  A human (D:13)
  5 fire bats
  A chaos spawn (Abyss:2)
  2 small abominations
  2 steam dragons
  6 vampire mosquitoes
  3 minotaur simulacra (IceCv)
  36 nagas
  A neqoxec (Abyss:2)
  5 wargs (Orc:2)
  5 basilisks
  3 large abominations (Abyss:2)
  3 harpy simulacra (IceCv)
  An acid dragon (D:11)
  16 water moccasins
  Pargi (Sewer)
  31 orc warriors
  A black bear (D:5)
  2 ice beasts
  An alligator simulacrum (IceCv)
  2 sky beasts
  16 ogres
  5 boggarts (D:14)
  7 wolves
  21 centaurs
  A phantom (D:5)
  3 kobold brigands
  8 bullfrogs
  Blork the orc (D:6)
  3 gnoll sergeants
  3 scorpions
  4 deep troll simulacra (IceCv)
  13 wights
  A lindwurm simulacrum (IceCv)
  14 killer bees
  5 howler monkeys
  6 lava snakes (Volcano)
  An iron imp (Abyss:2)
  3 hounds
  8 jellies
  3 gnoll boudas
  14 orc priests
  2 iguanas
  15 orc wizards
  4 adders
  26 gnolls
  A river rat (D:6)
  A shadow imp (D:6)
  4 white imps
  2 worms
  51 orcs
  11 endoplasms
  6 giant cockroaches
  9 goblins
  2 hobgoblins
  7 jackals
  20 kobolds
  5 quokkas
  4 ball pythons
  5 bats
  3 frilled lizards
  14 rats
  A butterfly (Lair:2)
  A lurking horror (Abyss:2)
  A starspawn tentacle (Abyss:3)
  3 tentacles (Shoals:1)
1101 creatures vanquished.

Vanquished Creatures (others)
  2 harpies (Shoals:2)
  A tengu conjurer (D:14)
  An orc wizard (Orc:1)
  An orc (Orc:2)
  37 fungi
  164 plants
  2 starspawn tentacles (Abyss:2)
  12 tentacles (Shoals:1)
  4 withered plants (Shoals:2)
224 creatures vanquished.

Grand Total: 1325 creatures vanquished

Notes
Turn   | Place    | Note
-------+----------+-------------------------------------------
     0 | D:1      | Maxmaps the Demonspawn Gladiator began the quest for the
                  | Orb.
     0 | D:1      | Reached XP level 1. HP: 16/16 MP: 1/1
   113 | D:1      | Gained mutation: Your touch may inflict minor irresistible
                  | damage on your foes. [demonic ancestry]
   113 | D:1      | Reached XP level 2. HP: 22/22 MP: 2/2
   266 | D:1      | Reached skill level 1 in Unarmed Combat
   446 | D:1      | Found a faded altar of an unknown god.
   500 | D:2      | Found a snail-covered altar of Cheibriados.
   522 | D:2      | Became a worshipper of Cheibriados the Contemplative
   693 | D:2      | Gained mutation: You sometimes gain a little power by
                  | taking damage. [demonic ancestry]
   693 | D:2      | Reached XP level 3. HP: 20/27 MP: 3/3
   694 | D:2      | Identified the +1 ring mail of the Gloaming {rPois rC+
                  | Str+3 Int+2}
   984 | D:2      | Reached XP level 4. HP: 13/33 MP: 4/4
  1414 | D:3      | Found a basalt altar of Yredelemnul.
  1415 | D:3      | Found a stormy altar of Qazlal.
  1436 | D:3      | Reached * piety under Cheibriados
  1464 | D:3      | Found Okhaomysch's General Store.
  1474 | D:3      | Bought a +0 cloak of preservation for 115 gold pieces
  1610 | D:3      | Reached XP level 5. HP: 32/38 MP: 5/5
  1610 | D:3      | Noticed Sigmund
  1631 | D:3      | Killed Sigmund
  1632 | D:3      | Reached skill level 5 in Unarmed Combat
  1632 | D:3      | Gained mutation: You sometimes gain power by taking damage.
                  | [demonic ancestry]
  1632 | D:3      | Reached XP level 6. HP: 14/44 MP: 6/6
  1742 | D:3      | Reached ** piety under Cheibriados
  2266 | D:4      | Gained mutation: You regenerate magic rapidly. [demonic
                  | ancestry]
  2266 | D:4      | Reached XP level 7. HP: 21/50 MP: 7/7
  2511 | D:5      | Entered Level 5 of the Dungeon
  2980 | D:5      | Reached *** piety under Cheibriados
  3076 | D:5      | Reached XP level 8. HP: 38/56 MP: 8/8
  3219 | D:5      | Found a snail-covered altar of Cheibriados.
  3267 | D:5      | You fall into a shaft and drop 3 floors!
  3400 | D:6      | Found a glowing drain.
  3407 | Sewer    | Entered a sewer
  3444 | Sewer    | Noticed Pargi
  3450 | Sewer    | Killed Pargi
  3605 | D:6      | Found a staircase to the Ecumenical Temple.
  3620 | D:6      | Reached skill level 10 in Unarmed Combat
  3626 | D:6      | Reached **** piety under Cheibriados
  3632 | D:6      | Noticed Blork the orc
  3635 | D:6      | Killed Blork the orc
  3683 | D:6      | Gained mutation: Your touch may inflict irresistible damage
                  | on your foes. [demonic ancestry]
  3683 | D:6      | Reached XP level 9. HP: 48/61 MP: 9/9
  3828 | D:6      | Found an ornate altar of the Wu Jian Council.
  4707 | D:7      | Reached ***** piety under Cheibriados
  5052 | D:7      | Reached XP level 10. HP: 53/67 MP: 10/10
  5084 | D:8      | Found a radiant altar of Vehumet.
  5273 | D:8      | Noticed Prince Ribbit
  5285 | D:8      | Killed Prince Ribbit
  5312 | D:8      | Found a broken altar of Ashenzari.
  5491 | D:8      | Noticed a moth of wrath
  5494 | D:8      | Found a bloodstained altar of Trog.
  5581 | D:9      | Reached skill level 5 in Dodging
  5587 | D:9      | Noticed a two-headed ogre
  5598 | D:9      | Killed a two-headed ogre
  5598 | D:9      | HP: 2/67 [wyvern (14)]
  5648 | D:9      | Found a hazy altar of Hepliaklqana.
  5723 | D:9      | Found a transporter.
  5774 | D:9      | Found Ajep's General Store.
  5867 | D:9      | Found a transporter.
  6132 | D:10     | Entered Level 10 of the Dungeon
  6149 | D:10     | Found an opulent altar of Gozag.
  6221 | D:10     | Found a staircase to the Orcish Mines.
  6385 | D:10     | Gained mutation: When hurt, damage is shared between your
                  | health and your magic reserves. [demonic ancestry]
  6385 | D:10     | Reached XP level 11. HP: 60/72 MP: 11/11
  6580 | D:10     | Found a shimmering altar of Xom.
  6741 | D:10     | Reached ****** piety under Cheibriados
  7086 | D:11     | Noticed a two-headed ogre
  7092 | D:11     | Killed a two-headed ogre
  7093 | D:11     | Reached skill level 10 in Dodging
  7152 | D:11     | Noticed a boulder beetle
  7176 | D:11     | Killed a boulder beetle
  7330 | D:11     | Identified the +9 quarterstaff of the Firefly {holy, Will-
                  | Int+3 SInv}
  7497 | D:11     | Found a staircase to the Lair.
  7642 | D:11     | Noticed Harold
  7649 | D:11     | Killed Harold
  8077 | Lair:1   | Entered Level 1 of the Lair of Beasts
  8165 | Lair:1   | Found a dark tunnel.
  8203 | Lair:1   | Reached XP level 12. HP: 57/78 MP: 9/12
  8223 | Volcano  | Entered a volcano
  8587 | Volcano  | Found a burning altar of Makhleb.
  8715 | Volcano  | Noticed a stone giant
  8727 | Volcano  | Killed a stone giant
  8878 | Lair:1   | Reached skill level 5 in Invocations
  9004 | Lair:1   | Identified the +9 war axe of Grace {elec, Str-2 Int+10
                  | Dex+2}
  9166 | Lair:1   | Reached skill level 3 in Fighting
  9329 | Lair:1   | Noticed a death yak
  9342 | Lair:1   | Killed a death yak
  9343 | Lair:1   | Reached skill level 4 in Fighting
  9622 | Lair:2   | Reached skill level 5 in Fighting
  9709 | Lair:2   | Noticed Gastronok
  9723 | Lair:2   | Killed Gastronok
  9724 | Lair:2   | Reached skill level 6 in Fighting
  9777 | Lair:2   | Noticed a five-headed hydra
  9783 | Lair:2   | Killed a five-headed hydra
 10150 | Lair:2   | Reached skill level 7 in Fighting
 10343 | Lair:3   | Gained mutation: You have a somewhat thin skeletal
                  | structure. (Dex +2, Stealth+) [demonic ancestry]
 10343 | Lair:3   | Reached XP level 13. HP: 89/96 MP: 17/19
 10398 | Lair:3   | Found a staircase to the Shoals.
 10500 | Lair:3   | Reached skill level 8 in Fighting
 10586 | Lair:3   | Found a staircase to the Snake Pit.
 10626 | Lair:3   | Learned a level 3 spell: Stone Arrow
 10632 | Lair:3   | Learned a level 5 spell: Blade Hands
 10665 | Lair:3   | Reached skill level 9 in Fighting
 11144 | Lair:3   | Reached skill level 10 in Fighting
 11358 | Lair:4   | Identified the +3 leather armour of Sif Muna's Grace {rElec
                  | Str+4}
 11501 | Lair:4   | Reached skill level 11 in Fighting
 11668 | Lair:4   | Identified the ring "Dygucrax" {Fire Str+4 Dex+3}
 11972 | Lair:4   | Reached skill level 12 in Fighting
 12128 | Lair:5   | Entered Level 5 of the Lair of Beasts
 12226 | Lair:5   | Reached skill level 13 in Fighting
 12239 | Lair:5   | Reached XP level 14. HP: 93/118 MP: 18/20
 12475 | Lair:5   | Found a viscous altar of Jiyva.
 12475 | Lair:5   | Found a staircase to the Slime Pits.
 12520 | Lair:5   | Reached skill level 14 in Fighting
 12682 | Lair:5   | Reached skill level 15 in Fighting
 12985 | Lair:5   | Noticed Snorg
 12998 | Lair:5   | Killed Snorg
 13019 | Lair:5   | Found the +8 storm bow {elec, penet}
 13134 | Lair:5   | Identified the +1 robe of Parlour Games {Dex+2 Stlth+}
 13668 | Orc:1    | Entered Level 1 of the Orcish Mines
 13712 | Orc:1    | Noticed Maurice
 13723 | Orc:1    | Killed Maurice
 13865 | Orc:1    | Noticed Jorgrun
 13896 | Orc:1    | Killed Jorgrun
 13897 | Orc:1    | Reached skill level 16 in Fighting
 14079 | Orc:2    | Entered Level 2 of the Orcish Mines
 14086 | Orc:2    | Found Febimuty's General Store.
 14265 | Orc:2    | Bought a scroll of enchant armour for 127 gold pieces
 14741 | Orc:2    | Found a staircase to the Elven Halls.
 14775 | Orc:2    | Found Wiories's Book Boutique.
 14841 | Orc:2    | Found Janaav's Weapon Emporium.
 14841 | Orc:2    | Found Sizxepur's Jewellery Shop.
 14843 | Orc:2    | Found Cipsohul's Distillery.
 14845 | Orc:2    | Found Yvvy's Book Shoppe.
 14852 | Orc:2    | Bought a potion of lignification for 42 gold pieces
 15197 | D:12     | Reached skill level 17 in Fighting
 15262 | D:12     | Gained mutation: You have a moderately thin skeletal
                  | structure. (Dex +4, Stealth++) [demonic ancestry]
 15262 | D:12     | Reached XP level 15. HP: 134/134 MP: 15/21
 15399 | D:12     | Found an iron altar of Okawaru.
 15980 | D:13     | Noticed Frances
 15980 | D:13     | Noticed Sonja
 15985 | D:13     | Killed Sonja
 15990 | D:13     | Killed Frances
 16105 | D:12     | Reached skill level 18 in Fighting
 16237 | D:13     | Found a gate to the Vaults.
 16264 | D:13     | Noticed Lodul
 16683 | D:13     | Killed Lodul
 16758 | D:13     | Identified the +9 dagger of the Sheltering Ass {drain,
                  | rPois}
 16907 | D:14     | Found Pikutolo's Antique Weapon Shoppe.
 17056 | D:14     | Found Plog's General Store.
 17057 | D:14     | Identified the +0 ring mail "Ibein" {rC++ Int-3}
 17131 | D:14     | Reached skill level 19 in Fighting
 17888 | D:15     | Entered Level 15 of the Dungeon
 18028 | D:15     | Noticed Josephine
 18040 | D:15     | Killed Josephine
 18383 | D:15     | Reached skill level 20 in Fighting
 18576 | D:15     | Reached skill level 1 in Spellcasting
 18690 | D:15     | Found a staircase to the Depths.
 18699 | D:15     | Gained mutation: You punish those that try to bend your
                  | will. (Will+) [demonic ancestry]
 18699 | D:15     | Reached XP level 16. HP: 131/148 MP: 16/22
 19417 | Snake:1  | Entered Level 1 of the Snake Pit
 19560 | Snake:1  | Reached skill level 1 in Shields
 19577 | Snake:1  | Noticed Donald
 19596 | Snake:1  | Killed Donald
 20007 | Snake:1  | Identified a scroll of acquirement
 20051 | Snake:1  | Acquired the ring "Ryzam" {rElec rC+++ Will+ Int-3 Stlth+}
 20276 | Snake:1  | Reached skill level 5 in Shields
 20730 | Snake:2  | Found Ydiam's Magic Scroll Emporium.
 21274 | Snake:2  | Noticed Aizul
 21379 | Snake:1  | Killed Aizul
 21839 | Snake:2  | Bought a scroll of teleportation for 48 gold pieces
 21839 | Snake:2  | Bought a scroll of teleportation for 48 gold pieces
 22704 | Snake:3  | Found Lucsanal's Book Boutique.
 23097 | Snake:3  | Found a radiant altar of Vehumet.
 23116 | Snake:3  | Found Vuneagg's Weapon Shop.
 23297 | Snake:3  | Reached skill level 10 in Shields
 23463 | Snake:3  | Gained mutation: When low on magic, you restore magic in
                  | place of health. [demonic ancestry]
 23463 | Snake:3  | Reached XP level 17. HP: 119/155 MP: 19/23
 23807 | Snake:3  | Noticed Mara
 23809 | Snake:3  | Noticed Maxmaps's illusion
 24300 | Snake:4  | Entered Level 4 of the Snake Pit
 24778 | Snake:4  | Found Puframm's Antique Weapon Shop.
 26265 | Snake:4  | Noticed Vashnia
 26665 | Snake:4  | Got a serpentine rune of Zot
 26846 | Snake:4  | Killed Vashnia
 27001 | Shoals:1 | Entered Level 1 of the Shoals
 27077 | Shoals:1 | Found Lucaoq's Magic Scroll Emporium.
 27112 | Shoals:1 | Bought a scroll of acquirement for 936 gold pieces
 27112 | Shoals:1 | Acquired the +1 pair of boots "Nuregyga" {rPois}
 27174 | Shoals:1 | Reached skill level 1 in Evocations
 27541 | Shoals:1 | Noticed a kraken
 27579 | Shoals:1 | Killed a kraken
 27657 | Shoals:1 | Noticed Nikola
 27694 | Shoals:1 | Killed Nikola
 27808 | Shoals:1 | Reached skill level 5 in Evocations
 28193 | Shoals:1 | Reached XP level 18. HP: 152/162 MP: 24/24
 28345 | Shoals:2 | Noticed Ilsuiw
 28515 | Shoals:1 | Killed Ilsuiw
 29017 | Shoals:2 | Found a runed translucent gate.
 29018 | Shoals:2 | Found a runed translucent gate.
 29105 | Abyss:2  | Cast into level 2 of the Abyss (merfolk)
 29216 | Abyss:2  | Found a corrupted altar of Lugonu.
 29229 | Abyss:2  | Found a corrupted altar of Lugonu.
 29253 | Abyss:2  | Noticed a tentacled monstrosity
 29270 | Abyss:2  | Killed a tentacled monstrosity
 29438 | Abyss:2  | Noticed a bone dragon
 29458 | Abyss:2  | Killed a bone dragon
 29576 | Abyss:2  | Found a corrupted altar of Lugonu.
 29635 | Abyss:2  | Found a corrupted altar of Lugonu.
 29661 | Abyss:2  | Found a corrupted altar of Lugonu.
 29894 | Shoals:2 | Escaped the Abyss
 30338 | Shoals:2 | Reached skill level 10 in Evocations
 30404 | Shoals:2 | Found a runed translucent gate.
 30404 | Shoals:2 | Noticed Hoelubiu's ghost (adept AtFi)
 30405 | Shoals:2 | Noticed Tagont's ghost (adept DsGl)
 30405 | Shoals:2 | Noticed Etwihode's ghost (journeyman MiFi)
 30798 | Shoals:2 | Killed Etwihode's ghost
 30815 | Shoals:2 | Killed Hoelubiu's ghost
 30851 | Shoals:2 | Killed Tagont's ghost
 30964 | Shoals:3 | Found a runed translucent door.
 30966 | Shoals:3 | Noticed Qobluxtent's ghost (adept GnDe)
 31100 | Shoals:3 | Found a frozen archway.
 31112 | IceCv    | Entered an ice cave
 31330 | IceCv    | Identified the +3 pair of boots of Misanthropy {Str+3}
 31884 | Shoals:3 | Killed Qobluxtent's ghost
 31998 | Shoals:3 | Identified the +1 quarterstaff of the Three Leylines {holy,
                  | Will+ Int+3}
 32423 | Depths:1 | Entered Level 1 of the Depths
 32920 | Depths:1 | Found a gateway to Hell.
 32920 | Depths:1 | Noticed a hellephant
 32921 | Depths:1 | Noticed a hellephant
 32963 | Depths:1 | Killed a hellephant
 33532 | Depths:1 | Killed a hellephant
 33533 | Depths:1 | Gained mutation: You are resistant to unholy torment.
                  | [demonic ancestry]
 33533 | Depths:1 | Reached XP level 19. HP: 134/169 MP: 22/25
 33642 | Depths:2 | Found a portal to a secret trove of treasure.
 33787 | Depths:2 | Noticed the Enchantress
 33794 | Depths:2 | HP: 3/169 [spriggan air mage/the air[the Enchantress] (8)]
 33794 | Depths:2 | Demolished by a spark wasp

Illustrated notes

Levels and vault maps discovered:
D:1:      minmay_arrival_open_corners, layout_rooms,
          dreamdust_ecumenical_altar_angels_and_demons
D:2:      layout_loops_ring, basic_altar, minmay_statues_item
D:3:      layout_basic, gammafunk_temple_overflow_forgotten, serial_shops,
          nicolae_shop_waterfront, chequers_serial_rivers_room_b,
          chequers_serial_rivers_micro_e, uniq_sigmund
D:4:      layout_rooms, nicolae_grassy_gnolls
D:5:      layout_basic, kennysheep_mini
D:6:      layout_basic, nicolae_wu_jian_immortal_techniques,
          minmay_temple_entry_ruins, gup_sewer_entry_spiral, uniq_blork_the_orc
D:7:      layout_gridville
D:8:      layout_cave_pools, mainiacjoe_overflow_six_doors_small, tgw_trog,
          vehumet_crystals, uniq_prince_ribbit1
D:9:      gammafunk_steamed_eel, layout_cave_pools,
          nicolae_hepliaklqana_hazy_memory, serial_shops, shop,
          chequers_serial_rivers_marsh
D:10:     layout_basic, general_overflow_altar, nicolae_overflow_crystal_walls,
          orc_0_dummy, feat_on_display
D:11:     layout_cave_pods, lair_entry_dummy, hangedman_corner_corridor,
          uniq_harold
D:12:     layout_roguey, kennysheep_okawaru_gauntlet
D:13:     layout_irregular_city, grunt_vaults_entry_fortified,
          nicolae_tso_swordbearing_angel, uniq_sonja, uniq_frances, uniq_lodul
D:14:     minmay_ornate_pinched, layout_basic, infiniplex_staircase_diamond,
          serial_shops, nicolae_shop_stone, shop_fountains
D:15:     gammafunk_enter_depths_forms, layout_basic,
          chequers_serial_rivers_small_b, uniq_josephine
Lair:1:   layout_loops_ring, nicolae_volcano_entry_hallway
Lair:2:   layout_loops_ring, lemuel_fruit_fields, serial_bayou_shore_b,
          grunt_megastairs_2, uniq_gastronok
Lair:3:   layout_chaotic_city, shoals_dummy_entry, guppyfry_snake_entry_garden,
          beast_lair_carwin_7, infiniplex_staircase_pool, serial_bayou_shore_b,
          serial_bayou_shore_a, grunt_megastairs_5
Lair:4:   layout_cave_pods
Lair:5:   gammafunk_lair_ancient_temple, layout_cellular_growth,
          nicolae_slime_entry_slimehenge, uniq_snorg
Shoals:1: layout_shoals, serial_shops,
          nicolae_shop_temple_entry_statues_fountains, uniq_nikola
Shoals:2: layout_shoals, gammafunk_ghost_cemetery, uniq_ilsuiw
Shoals:3: layout_shoals, serial_shops, shop, portal_ice_cave_entry_dragon,
          ebering_ghost_reflecting_pool, nicolae_shoals_aquamancer_cove
Snake:1:  layout_onion, grunt_ministairs_12, nicolae_integral_box, uniq_donald
Snake:2:  layout_misc_corridors, serial_shops, shop, st_stairs_7, uniq_aizul
Snake:3:  layout_cave_town, serial_shops, shop_statue, basic_altar,
          nicolae_snake_scaly_snakehead, minmay_shop_star, uniq_mara
Snake:4:  grunt_snake_rune_serpentine_throne, layout_cave_town, serial_shops,
          shop_statue
Orc:1:    layout_caves, uniq_jorgrun, uniq_maurice
Orc:2:    st_orc_rangers, layout_caves, serial_shops, nicolae_shop_behind_doors,
          nicolae_shop_advertising_works [nicolae_subvault_shop_adworks]
Depths:1: layout_gridlike, grunt_hell_horde, nrook_mini_backslash,
          dreamdust_wasp_nest
Depths:2: minmay_the_grid_square_5x5_3x3
          [minmay_the_grid_square_5x5_checkered_sparse,
          minmay_the_grid_square_5x5_minivault,
          minmay_the_grid_square_5x5_hourglass, minmay_the_grid_square_5x5_plus,
          minmay_the_grid_square_5x5_megaprize_diamond,
          minmay_the_grid_square_5x5_tie,
          minmay_the_grid_square_5x5_almost_minimal,
          minmay_the_grid_square_5x5_seven, minmay_the_grid_square_5x5_lines],
          layout_gridlike, enter_ziggurat_f, pan_entry, enter_trove_2,
          pf_coc_iceberg, minmay_misc_feat_chi, serial_bayou_shore_b,
          minmay_staircase_bubble, uniq_enchantress

Skill      XL: |  1  2  3  4  5  6  7  8  9 10 11 12 13 14 15 16 17 18 19 |
---------------+----------------------------------------------------------+-----
Staves         | 3 |  3.3
Unarmed Combat | 1 2 3 5 6 8 10 12 13 | 13.2
Dodging        | 8 12 13 | 13.1
Invocations    | 8 |  8.0
Fighting       | 7 13 17 20 | 20.0
Spellcasting   | 2 4 |  4.4
Shields        | 10 14 | 14.2
Evocations     | 5 13 14 | 14.1
Throwing       | |  1.7

Action                     |  1- 3 |  4- 6 |  7- 9 | 10-12 | 13-15 | 16-18 | 19-21 || total
---------------------------+-------+-------+-------+-------+-------+-------+-------++-------
  Melee: Quarterstaff      |   115 |     9 |       |       |       |       |       ||   124
         Unarmed           |       |   120 |   300 |   532 |  1134 |  2573 |    91 ||  4750
         Touch             |       |    26 |    48 |   124 |   251 |    11 |       ||   460
         Punch             |       |     5 |    17 |    48 |   125 |     4 |       ||   199
 Invoke: Slouch            |       |       |       |     4 |    18 |    26 |       ||    48
  Evoke: Wand              |       |       |     1 |       |       |    12 |       ||    13
         Phial of floods   |       |       |       |       |       |     1 |       ||     1
    Use: Scroll            |       |       |    20 |     9 |     5 |    13 |     3 ||    50
         Potion            |       |       |       |     2 |     7 |    22 |     1 ||    32
   Stab: Sleeping          |       |       |       |     2 |    11 |    17 |       ||    30
         Distracted        |       |       |       |     1 |       |     9 |       ||    10
         Invisible         |       |       |       |       |       |     1 |       ||     1
 Armour: Leather armour    |    21 |       |       |       |       |       |       ||    21
         Ring mail         |    20 |    66 |   138 |   129 |   268 |   402 |    12 ||  1035
  Dodge: Dodged            |    72 |    86 |   206 |   517 |  1498 |  2151 |    61 ||  4591
  Block: Buckler           |       |       |       |       |       |   301 |       ||   301
         Kite shield       |       |       |       |       |       |  1864 |    77 ||  1941

Table legend: (Time is in decaauts)
 A = Elapsed time spent in this place.
 B = Non-inter-level travel time spent in this place.
 C = Inter-level travel time spent in this place.
 D = Time resting spent in this place.
 E = Time spent auto-exploring this place.
 F = Levels seen in this place.
 G = Mean time per level.
                   A        B        C        D        E       F      G
               +--------+--------+--------+--------+--------+-----+--------+
         Total |  51726 |  48729 |   2997 |   4666 |  30885 |  36 | 1436.8 |
       Dungeon |  19836 |  18181 |   1655 |    689 |  14113 |  15 | 1322.4 |
          Lair |   8880 |   7916 |    964 |     63 |   6344 |   5 | 1776.0 |
        Shoals |   5153 |   4986 |    167 |    990 |   1836 |   3 | 1717.7 |
     Snake Pit |  10529 |  10431 |     98 |   2227 |   4354 |   4 | 2632.2 |
  Orcish Mines |   2224 |   2129 |     95 |    136 |   1518 |   2 | 1112.0 |
        Depths |   1946 |   1931 |     15 |    226 |   1216 |   2 |  973.0 |
         Abyss |   1103 |   1103 |      0 |    138 |    554 |   2 |  551.5 |
         Sewer |    182 |    182 |      0 |      0 |     99 |   1 |  182.0 |
      Ice Cave |    903 |    903 |      0 |    117 |    280 |   1 |  903.0 |
       Volcano |    967 |    967 |      0 |     79 |    567 |   1 |  967.0 |
               +--------+--------+--------+--------+--------+-----+--------+

Top non-repeatable levels by time:
 Snake:4: 3695 daAuts
 Snake:3: 2804 daAuts
Shoals:1: 2768 daAuts
 Snake:1: 2734 daAuts
  Lair:5: 2147 daAuts
    D:11: 2138 daAuts
    D:15: 2058 daAuts
    D:13: 1999 daAuts
    D:14: 1946 daAuts
Depths:1: 1788 daAuts
    D:10: 1783 daAuts
Shoals:2: 1766 daAuts
  Lair:3: 1715 daAuts
  Lair:2: 1690 daAuts
  Lair:4: 1684 daAuts
